 Dungeon Crawl Stone Soup version 0.30-a0-883-g5ad918d77d (webtiles) character file.

Game seed: 1888350212804787268

460 Bnni the Stinger (level 7, -11/52 HPs)
             Began as a Formicid Venom Mage on Mar 15, 2023.
             Was an Initiate of Cheibriados.
             Mangled by an ice beast (12 damage)
             ... on level 5 of the Dungeon.
             The game lasted 00:07:42 (3992 turns).

Bnni the Stinger (Formicid Venom Mage)              Turns: 3992, Time: 00:07:43

Health: -11/52     AC:  6    Str: 14    XL:     7   Next: 28%
Magic:  15/20      EV: 11    Int: 17    God:    Cheibriados [......]
Gold:   103        SH:  0    Dex: 15    Spells: 2/12 levels left

rFire   . . .      SeeInvis +    n - +2 short sword (venom)
rCold   . . .      Faith    .    (no shield)
rNeg    . . .      Spirit   .    e - +0 ring mail
rPois   .          Reflect  .    (helmet unavailable)
rElec   .          Rampage  .    c - +0 cloak
rCorr   .                        (no gloves)
Will    .....                    (no boots)
Stlth   +                        (no amulet)
HPRegen 0.28/turn                l - ring of magical power
MPRegen 0.17/turn                r - ring of flight

@: mighty, flying, very slow
A: permanent stasis, dig shafts and tunnels, antennae 3, four strong arms
a: Dig, Shaft Self, Renounce Religion


You were on level 5 of the Dungeon.
You worshipped Cheibriados.
Cheibriados was noncommittal.
You visited 2 branches of the dungeon, and saw 6 of its levels.

You collected 223 gold pieces.
You spent 120 gold pieces at shops.

Inventory:

Hand Weapons
 f - a +0 quarterstaff
 n - a +2 short sword of venom (weapon)
 x - a +0 battleaxe
Armour
 c - a +0 cloak (worn)
 e - a +0 ring mail (worn)
Jewellery
 l - a ring of magical power (left hand)
 r - a ring of flight (right hand)
 v - a ring of willpower
Wands
 g - a wand of digging (2)
 y - a wand of quicksilver (9)
 z - a wand of polymorph (5)
 A - a wand of roots (10)
Scrolls
 h - a scroll of vulnerability
 i - 2 scrolls of immolation {unknown}
 p - 2 scrolls of fog {unknown}
 s - 2 scrolls of enchant armour
 t - a scroll of teleportation
Potions
 b - 3 potions of magic
 d - a potion of brilliance
 j - 4 potions of heal wounds
 k - a potion of ambrosia {unknown}
 m - 3 potions of berserk rage {unknown}
 o - a potion of degeneration {unknown}
 q - 2 potions of haste {unknown}
 w - a potion of lignification {unknown}
 B - 3 potions of curing


   Skills:
 + Level 3.6 Fighting
 + Level 2.2 Armour
 - Level 1.7 Dodging
 - Level 2.4 Stealth
 - Level 3.0 Spellcasting
 - Level 1.1 Transmutations
 + Level 0.5 Air Magic
 * Level 7.9 Poison Magic


You had 2 spell levels left.
You knew the following spells:

 Your Spells              Type           Power      Damage    Failure   Level
a - Sting                 Tmut/Pois      68%        1d6       5%          1
b - Poisonous Vapours     Pois/Air       32%        N/A       10%         2
c - Mephitic Cloud        Conj/Pois/Air  12%        N/A       32%         3
d - Olgreb's Toxic Radia  Pois           29%        N/A       13%         4

Your spell library contained the following spells:

 Spells                   Type           Power      Damage    Failure   Level
 Cigotuvi's Dreadful Rot  Necr/Pois/Air  24%        N/A       17%         2
 Foxfire                  Conj/Fire      8%         2x1d4     34%         1
 Kiss of Death            Conj/Necr      8%         2d6       34%         1
 Summon Small Mammal      Summ           8%         N/A       34%         1


Dungeon Overview and Level Annotations

Branches:
Dungeon (5/15)             Temple (1/1) D:4

Altars:
Ashenzari
Cheibriados
Elyvilon
Fedhas
Kikubaaqudgha
Makhleb
Nemelex Xobeh
Okawaru
Sif Muna
Trog
Wu Jian
Yredelemnul
The Shining One

Shops:
D:4 !


Innate Abilities, Weirdness & Mutations

You cannot be hasted, slowed, berserked, paralysed or teleported.
You can dig through walls and to a lower floor.
You have a pair of large antennae on your head. (SInv)
Your four strong arms can wield two-handed weapons with a shield.


Message History

Unknown command.
Aiming: Sting (safe; 5% risk of failure)
Press: ? - help, Q - select action, (/) - cycle Shift-Dir - straight line, f/p - ice beast
Aim: an ice beast (lightly wounded, poisoned, 74% to hit)
The sting misses the ice beast.
The ice beast hits you. The ice beast freezes you!
Aiming: Sting (safe; 5% risk of failure)
Press: ? - help, Q - select action, (/) - cycle Shift-Dir - straight line, f/p - ice beast
Aim: an ice beast (moderately wounded, poisoned, 74% to hit)
The sting hits the ice beast but does no damage.
The ice beast looks even sicker.
The ice beast is moderately wounded.
The ice beast misses you.
Aiming: Sting (safe; 5% risk of failure)
Press: ? - help, Q - select action, (/) - cycle Shift-Dir - straight line, f/p - ice beast
Aim: an ice beast (moderately wounded, very poisoned, 74% to hit)
The sting hits the ice beast.
The ice beast partially resists.
The ice beast is moderately wounded.
The ice beast hits you. The ice beast freezes you!
Aiming: Sting (safe; 5% risk of failure)
Press: ? - help, Q - select action, (/) - cycle Shift-Dir - straight line, f/p - ice beast
Aim: an ice beast (moderately wounded, very poisoned, 74% to hit)
The sting hits the ice beast.
The ice beast looks even sicker.
The ice beast is moderately wounded.
The ice beast closely misses you.
You closely miss the ice beast.
The ice beast is moderately wounded.
The ice beast hits you. The ice beast freezes you!
* * * LOW HITPOINT WARNING * * *
You feel very mighty all of a sudden. The ice beast hits you.
* * * LOW HITPOINT WARNING * * *
The ice beast freezes you!
* * * LOW HITPOINT WARNING * * *
You completely miss the ice beast.
The ice beast is heavily wounded.
The ice beast hits you.
* * * LOW HITPOINT WARNING * * *
The ice beast freezes you!
You die...

.#.#.#......######.#
.#.#.#......# #.#
.#.#.#......# #.#
...#.#......# #.#
####.#......# #.#
##.##≈≈.≈≈######.#
#...#)≈.≈)#......#
#..##≈≈.≈≈##.#########
###..##..8..#...@Y......
..#..##.8_8.##.#######.#
..#..##..8..##.#
..#..#########.#
..#.......# #.#
..#...#...# #.######
..........# #......#
..#.......#########.#
..#.####..##......#.#


You could see an ice beast (very poisoned).

Vanquished Creatures
  Menkaure (D:5)
  Blork the orc (D:4)
  A phantom (D:5)
  A howler monkey (D:5)
  An orc wizard (D:5)
  4 adders
  4 gnolls (D:5)
  A white imp (D:5)
  A worm (D:2)
  5 orcs
  5 endoplasms
  3 giant cockroaches
  5 goblins
  3 hobgoblins
  4 quokkas
  3 ball pythons
  8 bats
  2 frilled lizards
  8 kobolds
  2 rats (D:2)
63 creatures vanquished.

Notes
Turn   | Place    | Note
-------+----------+-------------------------------------------
     0 | D:1      | Bnni the Formicid Venom Mage began the quest for the Orb.
     0 | D:1      | Reached XP level 1. HP: 13/13 MP: 3/3
    84 | D:1      | You fall into a shaft and drop 1 floor!
   245 | D:2      | Reached XP level 2. HP: 20/20 MP: 1/5
   485 | D:1      | Learned a level 2 spell: Poisonous Vapours
   591 | D:1      | Reached skill level 1 in Fighting
   711 | D:1      | Reached XP level 3. HP: 26/26 MP: 6/6
   914 | D:1      | Found a faded altar of an unknown god.
  1085 | D:2      | Reached skill level 5 in Poison Magic
  1379 | D:2      | Reached XP level 4. HP: 30/32 MP: 8/8
  1706 | D:2      | Learned a level 4 spell: Olgreb's Toxic Radiance
  2275 | D:3      | Found a shimmering blue altar of Sif Muna.
  2282 | D:3      | Got Sif Muna's Elucidation of Convocation
  2284 | D:3      | Got Sif Muna's Compendium of Combat Magic
  2286 | D:3      | Got Sif Muna's Annotations on Ectoplasm
  2511 | D:4      | Noticed Blork the orc
  2521 | D:4      | Killed Blork the orc
  2522 | D:4      | Reached skill level 6 in Poison Magic
  2522 | D:4      | Reached XP level 5. HP: 33/39 MP: 9/9
  2526 | D:4      | Learned a level 3 spell: Mephitic Cloud
  2623 | D:4      | Found a staircase to the Ecumenical Temple.
  2629 | Temple   | Entered the Ecumenical Temple
  2666 | Temple   | Became a worshipper of Cheibriados the Contemplative
  2800 | D:4      | Found Exukhe's Distillery.
  2810 | D:4      | Bought a potion of heal wounds for 50 gold pieces
  2810 | D:4      | Bought a potion of curing for 30 gold pieces
  2810 | D:4      | Bought a potion of might for 40 gold pieces
  3032 | D:5      | Entered Level 5 of the Dungeon
  3134 | D:5      | Noticed a phantom
  3152 | D:5      | Killed a phantom
  3153 | D:5      | Reached skill level 1 in Armour
  3153 | D:5      | Reached XP level 6. HP: 18/46 MP: 10/10
  3276 | D:5      | Noticed Menkaure
  3286 | D:5      | Killed Menkaure
  3287 | D:5      | Reached skill level 7 in Poison Magic
  3379 | D:5      | Found an iron altar of Okawaru.
  3490 | D:5      | Reached XP level 7. HP: 23/52 MP: 11/11
  3991 | D:5      | HP: 2/52 [ice beast (8)]
  3992 | D:5      | Mangled by an ice beast

Illustrated notes

Levels and vault maps discovered:
D:1:      dpeg_arrival_arbitrary_b, layout_loops_cross,
          dreamdust_ecumenical_altar_statues
D:2:      layout_loops_ring, serial_bayou_pond_a
D:3:      layout_loops_ring, nicolae_sif_muna_little_library
D:4:      layout_basic, minmay_temple_entry_trees, serial_shops, shop,
          chequers_serial_rivers_micro_b, uniq_blork_the_orc
D:5:      kennysheep_big_flooded_room, layout_basic,
          kennysheep_okawaru_gauntlet, cheibrodos_sewer_entry_bend,
          uniq_menkaure
Temple:   nicolae_temple_bog_church

Skill      XL: |  1  2  3  4  5  6 |
---------------+-------------------+-----
Fighting       | 1 2 3 |  3.6
Poison Magic   | 5 6 7 |  7.9
Spellcasting   | 3 |  3.0
Armour         | 1 2 |  2.2
Dodging        | |  1.7
Stealth        | |  2.4
Transmutations | |  1.1
Air Magic      | |  0.5

Action                     |  1- 3 |  4- 6 |  7- 9 || total
---------------------------+-------+-------+-------++-------
  Melee: Quarterstaff      |    26 |    20 |       ||    46
         Short sword       |    29 |    43 |    21 ||    93
         Punch             |     2 |     1 |       ||     3
   Cast: Sting             |    31 |     9 |     9 ||    49
         Poisonous Vapours |       |     3 |     2 ||     5
         Olgreb's Toxic Ra |       |     3 |       ||     3
Ability: Dig               |       |     1 |       ||     1
  Evoke: Wand              |       |     1 |       ||     1
    Use: Scroll            |       |     5 |       ||     5
         Potion            |       |     1 |     1 ||     2
   Stab: Sleeping          |     1 |     3 |       ||     4
 Armour: Robe              |    21 |     7 |     1 ||    29
         Ring mail         |       |       |     2 ||     2
  Dodge: Dodged            |    40 |    35 |     9 ||    84

Table legend: (Time is in decaauts)
 A = Elapsed time spent in this place.
 B = Non-inter-level travel time spent in this place.
 C = Inter-level travel time spent in this place.
 D = Time resting spent in this place.
 E = Time spent auto-exploring this place.
 F = Levels seen in this place.
 G = Mean time per level.
                   A        B        C        D        E       F      G
               +--------+--------+--------+--------+--------+-----+--------+
         Total |   4268 |   3901 |    367 |      2 |   3156 |   6 |  711.3 |
       Dungeon |   4206 |   3869 |    337 |      2 |   3135 |   5 |  841.2 |
        Temple |     61 |     32 |     29 |      0 |     21 |   1 |   61.0 |
               +--------+--------+--------+--------+--------+-----+--------+

Top non-repeatable levels by time:
     D:5: 1139 daAuts
     D:2: 895 daAuts
     D:1: 832 daAuts
     D:3: 704 daAuts
     D:4: 635 daAuts
  Temple: 61 daAuts
